 Dungeon Crawl Stone Soup version 0.31-a0-1074-g0b22e4e0f1 (webtiles) character file.

Game seed: 14086150769943901199

1267 croobank the Changeling (level 8, -3/54 HPs)
             Began as an Octopode Shapeshifter on Dec 7, 2023.
             Was an Initiate of Ashenzari.
             Slain by an orc wizard
             ... wielding a +4 dagger
              (6 damage)
             ... on level 5 of the Dungeon.
             The game lasted 00:15:29 (6017 turns).

croobank the Changeling (Octopode Shapeshifter)     Turns: 6017, Time: 00:15:29

Health: -3/54      AC:  1    Str: 13    XL:     8   Next: 52%
Magic:  8/8        EV: 14    Int: 15    God:    Ashenzari [......]
Gold:   276        SH:  0    Dex: 11    Spells: 7/7 levels left

rFire   . . .        k - +3 dagger (venom)
rCold   . . .        (no shield)
rNeg    . . .        (helmet currently unavailable)
rPois   .            e - amulet of magic regeneration
rElec   .            d - ring of willpower
rCorr   .            m - ring of flight
SInv    .            (no ring)
Will    +....        (no ring)
Stlth   ++           (no ring)
HPRegen 0.29/turn    (no ring)
MPRegen 0.51/turn    (no ring)
                     (no ring)

%: no passive effects
@: beast-form, flying
A: beast (slay +3), almost no armour, amphibious, 8 rings, camouflage 1,
gelatinous body 1, (nimble swimmer 1), tentacles
a: Begin Untransformation, Renounce Religion


You were on level 5 of the Dungeon.
You worshipped Ashenzari.
Ashenzari was noncommittal.
You were a hulking beast.
You visited 2 branches of the dungeon, and saw 8 of its levels.

You collected 276 gold pieces.

Inventory:

Hand Weapons
 a - a +0 scimitar
 f - a +0 dagger
 g - a +0 long sword
 k - a +3 dagger of venom (weapon)
 q - a +1 halberd of venom
 r - a +3 dagger
 t - a +0 war axe
 u - a +0 spear
 v - a +0 morningstar
Missiles
 j - 11 boomerangs (quivered)
Magical Staves
 o - a staff of poison
Jewellery
 d - a ring of willpower (left tentacle)
 e - an amulet of magic regeneration (around mantle)
 m - a ring of flight (right tentacle)
Talismans
 b - a beast talisman
 c - a flux talisman
Wands
 s - a wand of flame (4)
Scrolls
 h - a scroll of torment
 i - a scroll of identify
Potions
 l - a potion of mutation
 n - a potion of attraction
 p - a potion of brilliance


   Skills:
 + Level 4.5 Fighting
 + Level 4.7 Dodging
 + Level 5.3 Unarmed Combat
 * Level 6.5 Shapeshifting


You had 7 spell levels left.
You didn't know any spells.
Your spell library contained the following spells:

 Spells                   Type           Power      Damage    Failure   Level
 Magic Dart               Conj           0%         1d3       26%         1
 Shock                    Conj/Air       0%         1d3       26%         1
 Summon Small Mammal      Summ           0%         N/A       26%         1
 Searing Ray              Conj           0%         2d4       38%         2
 Static Discharge         Conj/Air       0%         3-3/arc   38%         2
 Sublimation of Blood     Necr           0%         N/A       38%         2
 Call Canine Familiar     Summ           0%         N/A       63%         3
 Gell's Gravitas          Tloc           0%         N/A       63%         3
 Summon Guardian Golem    Hex/Summ       0%         N/A       63%         3
 Swiftness                Air            0%         N/A       63%         3
 Teleport Other           Tloc           0%         N/A       63%         3
 Airstrike                Air            0%         2d(0-16)  95%         4
 Fulminant Prism          Conj/Hex       0%         3d5       95%         4
 Petrify                  Tmut/Erth      0%         N/A       95%         4
 Summon Lightning Spire   Summ/Air       0%         N/A       95%         4
 Irradiate                Conj/Tmut      0%         3d11      100%        5
 Dispersal                Tloc           0%         N/A       100%        6


Dungeon Overview and Level Annotations

Branches:
Dungeon (7/15)             Temple (1/1) D:6

Altars:
Ashenzari
Cheibriados
Dithmenos
Elyvilon
Fedhas
Gozag
Hepliaklqana
Kikubaaqudgha
Makhleb
Nemelex Xobeh
Okawaru
Qazlal
Ru
Sif Muna
Vehumet
Wu Jian
Yredelemnul
Zin
The Shining One

Annotations:
D:3 1 runed translucent door, Crazy Yiuf


Innate Abilities, Weirdness & Mutations

You are a hulking beast.
Your limbs bulge with bestial killing power. (Slay +3)
You cannot wear most types of armour.
You are amphibious.
You can wear up to eight rings at the same time.
Your skin changes colour to match your surroundings (Stealth+).
Your rubbery body absorbs attacks. (AC +1, EV +1)
((You are camouflaged when in or above water. (Stealth+)))
You have tentacles for arms and can constrict up to eight enemies at once.


Message History

You hit the orc priest but do no damage.
The orc priest looks as sick as possible!
The orc priest is almost dead.
You constrict the orc priest, but do no damage.
The orc priest calls down the wrath of Beogh upon you.
Beogh smites you!
* * * LOW HITPOINT WARNING * * *
Okay, then.
Okay, then.
Aiming: Throw Flame
Press: ? - help, Shift-Dir - straight line The puff of flame hits the orc priest.
You kill the orc priest!
What are your orders? t - Shout!
Orders for allies: a - Attack new target. r - Retreat! s - Stop attacking. g - Guard the area. f - Follow me.
Anything else - Cancel.
Gang up on whom?
Press: ? - help, Dir - move target, f - orc wizard
Aim: an orc wizard, wielding a +4 dagger and wearing a +0 robe (mute)
Okay, then.
Okay, then.
You don't know any spells.
Okay, then.
You are too injured to fight recklessly!
Okay, then.
You closely miss the orc wizard. Your grab misses the orc wizard.
You squeeze the orc wizard.
The orc wizard is moderately wounded.
The orc wizard misses you.
You hit the orc wizard. Your grab misses the orc wizard.
The orc wizard is severely wounded.
The orc wizard hits you with a +4 dagger.
* * * LOW HITPOINT WARNING * * *
You hit the orc wizard. Your grab misses the orc wizard.
The orc wizard is almost dead.
The orc wizard hits you with a +4 dagger.
You die...

# ##...## ###.#
.#.#.....#..
############...#
....<.....o.
............#.#
##.#......#.
..##.######...# # ##...##..
#.# ..# ##..### #......
#.###.######..... #####.
#.#.#.#.#.##.#### #.
####.........[..# #.
#{oh.#.#.#.#.####
######?##K###.........#
..........# ##.#.#.#.####
#######)..# #>..........#
#...#.o# ##.#.#.#.##.####
#.†.#..###.........#..[).
......##....#.#.#.#.#######
##._.#####.###########
..... #.#


You could see an orc wizard (mute) and a kobold (slow).

Vanquished Creatures
  Grinder (D:3)
  An orc warrior (D:5)
  2 ogres
  A phantom (D:5)
  Blork the orc (D:6)
  3 scorpions
  2 wights (D:6)
  A hound (D:5)
  A jelly (D:5)
  2 orc priests
  2 iguanas (D:5)
  Terence (D:3)
  An orc wizard (D:4)
  4 gnolls
  6 adders
  A worm (D:4)
  A dart slug (D:4)
  12 orcs
  A bat (D:5)
  5 endoplasms
  3 giant cockroaches
  3 goblins
  11 hobgoblins
  2 jackals (D:1)
  A quokka (D:2)
  2 ball pythons
  2 frilled lizards
  5 kobolds
  6 rats
  A spectral goblin (D:2)
85 creatures vanquished.

Notes
Turn   | Place    | Note
-------+----------+-------------------------------------------
     0 | D:1      | croobank the Octopode Shapeshifter began the quest for the
                  | Orb.
     0 | D:1      | Reached XP level 1. HP: 13/13 MP: 1/1
   128 | D:1      | Reached XP level 2. HP: 18/18 MP: 2/2
  1049 | D:2      | Reached XP level 3. HP: 17/23 MP: 3/3
  1302 | D:2      | You fall into a shaft and drop 1 floor!
  1381 | D:3      | Noticed Grinder
  1384 | D:3      | Noticed Terence
  1958 | D:2      | Found a faded altar of an unknown god.
  2417 | D:4      | Reached XP level 4. HP: 26/29 MP: 4/4
  2544 | D:3      | Reached skill level 4 in Shapeshifting
  2544 | D:3      | Reached XP level 5. HP: 13/34 MP: 5/5
  2983 | D:3      | Killed Terence
  3181 | D:3      | Killed Grinder
  3182 | D:3      | Reached XP level 6. HP: 12/41 MP: 6/6
  3439 | D:3      | Found a runed translucent door.
  3440 | D:3      | Noticed Crazy Yiuf
  3780 | D:4      | Reached skill level 5 in Shapeshifting
  3805 | D:4      | Reached XP level 7. HP: 44/46 MP: 7/7
  3890 | D:5      | Entered Level 5 of the Dungeon
  3969 | D:5      | Found a stormy altar of Qazlal.
  5019 | D:6      | Noticed Blork the orc
  5242 | D:6      | Killed Blork the orc
  5243 | D:6      | Reached XP level 8. HP: 15/54 MP: 8/8
  5438 | D:6      | Found a staircase to the Ecumenical Temple.
  5455 | Temple   | Entered the Ecumenical Temple
  5464 | Temple   | Became a worshipper of Ashenzari the Shackled
  5530 | D:6      | Reached skill level 6 in Shapeshifting
  5581 | D:6      | Reached skill level 5 in Unarmed Combat
  5592 | D:6      | Found a shadowy altar of Dithmenos.
  5777 | D:5      | Found a sparkling altar of Nemelex Xobeh.
  5992 | D:5      | Found a sacrificial altar of Ru.
  6017 | D:5      | Slain by an orc wizard

Illustrated notes

Levels and vault maps discovered:
D:1:      dpeg_arrival_houses_and_road, layout_basic, minmay_misc_feat_x,
          st_stairs_9
D:2:      layout_loops_ring, dreamdust_ecumenical_altar_drowned_temple,
          roderic_lattice_a
D:3:      layout_basic, uniq_crazy_yiuf_cottage, uniq_terence, uniq_grinder
D:4:      layout_basic
D:5:      old_forge, layout_loops_ring, nicolae_ru_great_annihilating_truth,
          mainiacjoe_overflow_cross_hatched, amcnicky_altar_gilded,
          serial_library_hellmonk_u_bend, st_stairs_9
D:6:      layout_basic, nicolae_dithmenos_the_darkroom,
          minmay_temple_entry_offerings, nicolae_elemental_shop, minmay_bent,
          uniq_blork_the_orc
D:7:      layout_loops_ring, lightli_temple_of_fire, uniq_joseph, uniq_jeremiah,
          uniq_maurice
Temple:   nicolae_temple_superstar

Skill      XL: |  1  2  3  4  5  6  7  8 |
---------------+-------------------------+-----
Fighting       | 2 3 4 |  4.5
Shapeshifting  | 4 5 6 |  6.5
Dodging        | 3 4 |  4.7
Unarmed Combat | 4 5 |  5.3

Action                     |  1- 3 |  4- 6 |  7- 9 || total
---------------------------+-------+-------+-------++-------
  Melee: Unarmed           |    40 |       |       ||    40
         Constrict         |    19 |    11 |    21 ||    51
         Tentacles         |     8 |    14 |    25 ||    47
         Punch             |     2 |     1 |     4 ||     7
         Dagger            |    28 |    57 |    95 ||   180
  Throw: Boomerang         |       |    15 |     1 ||    16
  Evoke: Wand              |       |       |     2 ||     2
    Use: Scroll            |     5 |     2 |     7 ||    14
         Potion            |       |     1 |     4 ||     5
   Stab: Sleeping          |     7 |     5 |     1 ||    13
         Paralysed         |       |       |     2 ||     2
 Armour: Skin              |    19 |    23 |    81 ||   123
  Dodge: Dodged            |    33 |    19 |    52 ||   104

Table legend: (Time is in decaauts)
 A = Elapsed time spent in this place.
 B = Non-inter-level travel time spent in this place.
 C = Inter-level travel time spent in this place.
 D = Time resting spent in this place.
 E = Time spent auto-exploring this place.
 F = Levels seen in this place.
 G = Mean time per level.
                   A        B        C        D        E       F      G
               +--------+--------+--------+--------+--------+-----+--------+
         Total |   6021 |   5883 |    138 |   2295 |   2528 |   8 |  752.6 |
       Dungeon |   6002 |   5880 |    122 |   2295 |   2528 |   7 |  857.4 |
        Temple |     18 |      2 |     16 |      0 |      0 |   1 |   18.0 |
               +--------+--------+--------+--------+--------+-----+--------+

Top non-repeatable levels by time:
     D:2: 1162 daAuts
     D:3: 1129 daAuts
     D:5: 1109 daAuts
     D:1: 968 daAuts
     D:4: 895 daAuts
     D:6: 522 daAuts
     D:7: 215 daAuts
  Temple: 18 daAuts
